 Dungeon Crawl Stone Soup version 0.18.1-48-g4cf74bf (webtiles) character file.

10241 Gargoyl the Protected (level 11, 0/84 HPs)
             Began as a Demonspawn Abyssal Knight on Aug 27, 2016.
             Was a High Priest of Lugonu.
             Slain by an orc warrior
             ... wielding a +0 flail
              (15 damage)
             ... on level 10 of the Dungeon.
             The game lasted 00:21:29 (9292 turns).

Gargoyl the Protected (Demonspawn Abyssal Knight)   Turns: 9292, Time: 00:21:29

Health: 0/84       AC: 20    Str: 20    XL:     11   Next: 33%
Magic:  13/13      EV:  8    Int: 13    God:    Lugonu [*****.]
Gold:   932        SH: 10    Dex: 13    Spells: 0 memorised, 10 levels left

rFire  . . .     SeeInvis .     u - +6 hand axe (elec)
rCold  . . .     Gourm    .     d - +0 chain mail
rNeg   + . .     Faith    .     n - +0 shield
rPois  .         Spirit   .     (helmet restricted)
rElec  .         Dismiss  .     l - +2 cloak
rCorr  .         Reflect  .     j - +2 pair of gloves
SustAt .         Harm     .     y - +0 pair of boots
MR     .....                    (no amulet)
Stlth  ..........               i - +4 ring of strength
                                f - ring of positive energy

@: lethally poisoned (0 -> -5), not resistant to hostile enchantments, extremely
unstealthy
A: claws 1, horns 2, talons 1, powered by death 2, spiny 1
a: Depart the Abyss, Bend Space, Banish, Corrupt, Enter the Abyss, Renounce
Religion


You were on level 10 of the Dungeon.
You worshipped Lugonu.
Lugonu was extremely pleased with you.
You were not hungry.

You visited 1 branch of the dungeon, and saw 11 of its levels.
You visited the Abyss 1 time.
You also visited: Ossuary.

You collected 932 gold pieces.

Inventory:

Hand Weapons
 e - a +0 war axe
 u - a +6 hand axe of electrocution (weapon)
 H - a +0 triple crossbow
Missiles
 E - 8 tomahawks (quivered)
Armour
 d - a +0 chain mail (worn)
 j - a +2 pair of gloves (worn)
 l - a +2 cloak (worn)
 n - a +0 shield (worn)
 y - a +0 pair of boots (worn)
Jewellery
 f - a ring of positive energy (left hand)
 i - a +4 ring of strength (right hand)
 m - an uncursed ring of protection from fire
 t - an uncursed ring of see invisible
 I - an uncursed ring of protection from cold
 N - an uncursed ring of fire
 O - a cursed ring of teleportation {unknown}
 V - an uncursed ring of resist corrosion
 W - a cursed -3 ring of strength
Wands
 k - a wand of acid (2/15)
 w - a wand of heal wounds (7/9)
 C - a wand of lightning (8/15)
 M - a wand of teleportation (1/9)
Scrolls
 h - 3 scrolls of teleportation
 B - 7 scrolls of remove curse
 K - 2 scrolls of fear
 L - 2 scrolls of fog
 P - 2 scrolls of magic mapping
 X - a scroll of amnesia
Potions
 a - 2 potions of brilliance
 b - 5 potions of ambrosia {unknown}
 g - 5 potions of heal wounds
 o - 2 potions of mutation {unknown}
 p - 2 potions of might {unknown}
 q - 2 potions of resistance {unknown}
 r - 2 potions of lignification {unknown}
 s - a potion of cancellation {unknown}
 z - 2 potions of flight {unknown}
 A - 2 potions of agility {unknown}
 D - a potion of beneficial mutation {unknown}
 F - 2 potions of cure mutation {unknown}
 G - 2 potions of degeneration {unknown}
 Q - 2 potions of haste {unknown}
 R - 2 potions of invisibility {unknown}
 U - 2 potions of curing
Books
 S - a book of the Tempests

   Spells                             Type                      Level
   a - Static Discharge               Conjuration/Air              3
   b - Lightning Bolt                 Conjuration/Air              5
   c - Fireball                       Conjuration/Fire             5
   d - Tornado                        Air                          9
   e - Shatter                        Earth                        9
Comestibles
 c - 9 bread rations
 v - a royal jelly
 x - 4 meat rations
 J - 3 fruits
 T - 7 beef jerkies


   Skills:
 + Level 7.0 Fighting
 + Level 6.8 Axes
 * Level 10.9 Armour
 + Level 4.4 Dodging
 + Level 2.1 Stealth
 + Level 6.8 Shields
 + Level 3.5 Invocations


You had 10 spell levels left.
You didn't know any spells.

Dungeon Overview and Level Annotations

Branches:
Dungeon (11/15)            Temple (0/1) D:5
   Lair: D:8-11         Orc: D:9-12

Altars:
Ashenzari
Dithmenos
Gozag
Kikubaaqudgha
Makhleb
Nemelex Xobeh
Okawaru
Pakellas
Qazlal
Xom
Yredelemnul
Zin
The Shining One

Shops:
D:4 %   D:8 %   D:9 }   D:10 %

Annotations:
D:11 Erica, Harold
Abyss:1 Maud


Innate Abilities, Weirdness & Mutations

You have sharp fingernails.
You have a pair of horns on your head.
You have sharp toenails.
You regenerate health from kills.
You are partially covered in sharp spines.


Message History

The orc warrior completely misses you. Erica casts a spell at you.
The bolt of poison hits you!
You are poisoned.
Harold points at you and mumbles some strange words.
The bolt of fire hits you!
You climb upwards.
You feel sick.
There is a stone staircase leading down here.
Your shield prevents you from hitting the orc warrior.
You headbutt the orc warrior!
The orc warrior is severely wounded.
You feel sick. You block the orc warrior's attack.
You hit the orc warrior.
The orc warrior is almost dead.
You feel sick. The orc warrior hits you with a flail!
* * * LOW HITPOINT WARNING * * *
Your chain mail prevents you from hitting the orc warrior.
The orc warrior is almost dead.
You feel sick. The orc warrior hits you with a flail!
You die...

### #.##.......#.......#.#.......
..###.##.......#.......#.#.......
...##..........#########.#.......
....####...........#####.#.#'####
.....###...............#<#.#.#
......##...............#.#.#+####
.......#...............#.#.......
.......#...............#.#.......
.......#........@......#.........
.......'.......o.................
.......'.##.##'###...........####
.......####.##'###########'######
.......# #.#...........#........
.......# #.#...........#.......[
......## #.'...........#........
.....########...........#........
....## #...##...........#........


You could see an orc warrior.

Vanquished Creatures
  The ghost of keat06 the Fighter, a novice MiFi of Okawaru (D:6)
  The ghost of futacatgirl the Covert, a novice VSAs of Cheibriados (D:8)
  Pikel (D:8)
  An ugly thing (D:10)
  Maurice (D:9)
  The ghost of baghtru the Chopper, a novice HOFi of Okawaru (Ossuary)
  3 yaks (D:10)
  The ghost of keat06 the Covered, an amateur MiFi (D:4)
  Grum (D:8)
  3 hippogriffs
  2 hungry ghosts
  2 ice beasts
  A black bear (D:10)
  4 phantoms
  A necrophage (D:8)
  3 sky beasts
  2 wolves (D:8)
  8 ogres
  7 centaurs
  A big kobold (D:8)
  Blork the orc (D:4)
  6 giant frogs
  A wyvern skeleton (D:6)
  2 scorpions
  14 wights
  A howler monkey (D:5)
  5 crimson imps
  A centaur zombie (D:10)
  5 hounds
  A jelly (D:10)
  Crazy Yiuf (D:7)
  5 orc priests
  3 giant frog skeletons
  11 orc wizards
  6 iguanas
  3 worker ants
  2 hound skeletons
  8 mummies (Ossuary)
  A howler monkey zombie (D:10)
  3 gnolls (D:3)
  2 howler monkey skeletons
  12 adders
  A shadow imp (D:9)
  An ooze (D:1)
  An adder zombie (D:5)
  A worm (D:4)
  2 dart slugs
  5 giant geckos
  21 orcs
  8 bats
  3 giant cockroaches
  7 goblins
  2 hobgoblins
  14 jackals
  2 quokkas
  A ball python (D:5)
  A giant gecko zombie (D:5)
  4 giant newts
  2 hobgoblin zombies (Ossuary)
  12 kobolds
  4 kobold zombies (Ossuary)
  2 orc zombies (Ossuary)
  A quokka zombie (D:5)
  6 rats
  4 fungi (D:7)
244 creatures vanquished.

Vanquished Creatures (others)
  A hydra (D:11)
  A hobgoblin (D:1)
  2 bats (D:1)
4 creatures vanquished.

Grand Total: 248 creatures vanquished

Notes
Turn   | Place    | Note
--------------------------------------------------------------
     0 | Abyss:1  | Gargoyl the Demonspawn Abyssal Knight began the quest for the Orb.
     0 | Abyss:1  | Reached XP level 1. HP: 18/18 MP: 2/2
   152 | Abyss:2  | Noticed a thrashing horror
   152 | Abyss:2  | Noticed a thrashing horror
   153 | D:1      | Escaped the Abyss
   324 | D:1      | Reached skill level 2 in Armour
   517 | D:1      | Gained mutation: You have sharp toenails. [demonic ancestry]
   517 | D:1      | Reached XP level 2. HP: 21/24 MP: 3/3
   605 | D:1      | Reached * piety under Lugonu
  1184 | D:2      | Found a basalt altar of Yredelemnul.
  1206 | D:2      | Gained mutation: You have sharp fingernails. [demonic ancestry]
  1206 | D:2      | Reached XP level 3. HP: 29/29 MP: 5/5
  1792 | D:3      | Found a sparkling altar of Nemelex Xobeh.
  1800 | D:3      | Reached XP level 4. HP: 28/36 MP: 6/6
  1802 | D:3      | Reached skill level 3 in Armour
  1906 | D:3      | Reached skill level 1 in Dodging
  1906 | D:3      | Gained mutation: You have a pair of small horns on your head. [demonic ancestry]
  1906 | D:3      | Reached XP level 5. HP: 37/42 MP: 7/7
  1922 | D:3      | Reached skill level 4 in Armour
  2299 | D:3      | Reached XP level 6. HP: 42/48 MP: 8/8
  2502 | D:3      | Reached ** piety under Lugonu
  2593 | D:3      | Found a glowing golden altar of the Shining One.
  2754 | D:4      | Reached skill level 1 in Shields
  2768 | D:4      | Reached skill level 5 in Armour
  2867 | D:4      | Found an iron altar of Okawaru.
  2906 | D:4      | Noticed an ice beast
  2910 | D:4      | Gained mutation: You regenerate a little health from kills. [demonic ancestry]
  2910 | D:4      | Reached XP level 7. HP: 54/54 MP: 9/9
  2959 | D:4      | Found an ancient bone altar of Kikubaaqudgha.
  2975 | D:4      | Noticed keat06's ghost (amateur MiFi)
  3057 | D:4      | Killed keat06's ghost
  3057 | D:4      | Reached skill level 6 in Armour
  3070 | D:4      | Found Tumyquah's Food Boutique.
  3074 | D:4      | Noticed Blork the orc
  3086 | D:4      | Killed Blork the orc
  3349 | D:4      | Found a glowing silver altar of Zin.
  3368 | D:5      | Entered Level 5 of the Dungeon
  3417 | D:5      | Found a staircase to the Ecumenical Temple.
  3472 | D:5      | Found an opulent altar of Gozag.
  3483 | D:5      | Gained mutation: You regenerate health from kills. [demonic ancestry]
  3483 | D:5      | Reached XP level 8. HP: 60/60 MP: 10/10
  3595 | D:5      | Reached skill level 7 in Armour
  3790 | D:5      | Found a stormy altar of Qazlal.
  3790 | D:5      | Found a shimmering altar of Xom.
  4059 | D:6      | Reached *** piety under Lugonu
  4123 | D:6      | Found a shadowy altar of Dithmenos.
  4127 | D:6      | Reached skill level 1 in Stealth
  4255 | D:6      | Noticed keat06's ghost (novice MiFi)
  4277 | D:6      | Killed keat06's ghost
  4277 | D:6      | Reached skill level 8 in Armour
  4277 | D:6      | Reached XP level 9. HP: 12/67 MP: 11/11
  4356 | D:6      | Reached skill level 5 in Fighting
  4762 | D:6      | Reached skill level 5 in Axes
  5203 | D:7      | Found an oddly glowing altar of Pakellas.
  5247 | D:7      | Found a burning altar of Makhleb.
  5340 | D:7      | Found a sparkling altar of Nemelex Xobeh.
  5759 | D:7      | Reached **** piety under Lugonu
  5914 | D:7      | Noticed Crazy Yiuf
  5919 | D:7      | Killed Crazy Yiuf
  5970 | D:8      | Noticed Grum
  5979 | D:8      | Reached skill level 9 in Armour
  5986 | D:8      | Killed Grum
  6022 | D:8      | Found a sand-covered staircase.
  6026 | Ossuary  | Entered an ossuary
  6045 | Ossuary  | Noticed baghtru's ghost (novice HOFi)
  6063 | Ossuary  | Killed baghtru's ghost
  6063 | Ossuary  | Gained mutation: You are partially covered in sharp spines. [demonic ancestry]
  6063 | Ossuary  | Reached XP level 10. HP: 76/76 MP: 12/12
  6222 | D:8      | Noticed futacatgirl's ghost (novice VSAs)
  6244 | D:8      | Killed futacatgirl's ghost
  6244 | D:8      | Reached skill level 5 in Shields
  6557 | D:8      | Reached ***** piety under Lugonu
  6813 | D:8      | Found a shattered altar of Ashenzari.
  6839 | D:8      | Found Bocutori's Food Shoppe.
  6848 | D:8      | Reached skill level 10 in Armour
  6860 | D:8      | Noticed Pikel
  6875 | D:8      | Killed Pikel
  7192 | D:9      | Found Guva's Gadget Shop.
  7544 | D:9      | Noticed Maurice
  7557 | D:9      | HP: 2/77 [acid (14)]
  7567 | D:9      | Killed Maurice
  7944 | D:10     | Entered Level 10 of the Dungeon
  8142 | D:10     | Noticed a red ugly thing
  8150 | D:10     | Killed a red ugly thing
  8150 | D:10     | Gained mutation: You have a pair of horns on your head. [demonic ancestry]
  8150 | D:10     | Reached XP level 11. HP: 61/83 MP: 13/13
  8320 | D:10     | Found Pufeanie's Food Boutique.
  8566 | D:10     | Noticed Maud
  8570 | D:10     | Banished Maud
  8683 | D:10     | Found an opulent altar of Gozag.
  9019 | D:11     | Noticed a five-headed hydra
  9032 | D:11     | Banished a five-headed hydra
  9223 | D:11     | Noticed Erica
  9223 | D:11     | Noticed Harold
  9292 | D:10     | Slain by an orc warrior

Skill      XL: |  1  2  3  4  5  6  7  8  9 10 11 |
---------------+----------------------------------+-----
Armour         | 2 3 4 5 6 8 9 10 | 10.9
Axes           | 2 3 4 5 6 |  6.8
Dodging        | 1 2 3 4 |  4.4
Fighting       | 4 5 6 7 |  7.0
Shields        | 1 2 3 4 6 |  6.8
Stealth        | 1 2 |  2.1
Invocations    | 3 |  3.5

Action                   |  1- 3 |  4- 6 |  7- 9 | 10-12 || total
-------------------------+-------+-------+-------+-------++-------
Melee: Hand axe          |    74 |    77 |   267 |   258 ||   676
       Kick              |     9 |    15 |       |       ||    24
       Headbutt          |       |     8 |    49 |    52 ||   109
Throw: Tomahawk          |       |       |       |     1 ||     1
Invok: Depart the Abyss  |     1 |       |       |       ||     1
       Banish            |       |       |       |     4 ||     4
  Use: Scroll            |     8 |     1 |     6 |     8 ||    23
       Potion            |       |     1 |       |     4 ||     5
  Eat: Chunk             |     3 |     4 |    10 |    13 ||    30
       Bread ration      |       |       |     1 |       ||     1
Armor: Chain mail        |    68 |    67 |   162 |   144 ||   441
Dodge: Dodged            |    29 |    20 |    77 |    58 ||   184
Block: Shield            |    22 |    35 |   135 |   148 ||   340
